AoeStats
← MWPS | VERGATE

Arabia

509998933Analyzed
1v1 RM · 4d ago on Sep 29, 2026· 32m 17s· 2 players
Game mode
Random Map
Map size
Tiny (2 player)
Population
200
Speed
Normal
Resources
Standard
Victory
Conquest
Starting age
Dark Age
Ending age
Imperial Age
RankedLock teamsTeams togetherTeam positionsShared explorationLock speedFull tech treeHidden civsTurbo modeCheats
Victory
Defeat
🇧🇷 Varangians · Brazil
1080
+15
🇨🇦 Franks · Canada
1069
-33
DrCheeser
13:02 Feudal Age
17:07 Wheelbarrow
16:26 Double-Bit Axe
22:43 Castle Age
23:03 Forging
22:59 Scale Barding Armor
22:54 Pikeman
30:01 Scale Mail Armor
30:19 Squires
MWPS | VERGATE
4:20 Loom
9:57 Feudal Age
10:39 Double-Bit Axe
11:21 Horse Collar
18:14 Wheelbarrow
18:45 Forging
19:57 Bloodlines
22:47 Castle Age
22:02 Scale Barding Armor
24:11 Iron Casting
26:09 Bow Saw
28:09 Scale Mail Armor
32:00 Chain Barding Armor
Connection lost

Rejoining the realm…

Still unreachable

The connection could not be restored.

Session expired

The server has moved on; the page needs a fresh start.